 Dungeon Crawl Stone Soup version 0.26-a0-778-g3fe0686644 (webtiles) character file.

Game seed: 9937901097679788685

37 littlecub the Sneak (level 3, 0/17 HPs)
             Began as a Spriggan Enchanter on Nov 10, 2020.
             Succumbed to an adder's poison
             ... on level 2 of the Dungeon.
             The game lasted 00:06:53 (1204 turns).

littlecub the Sneak (Spriggan Enchanter)            Turns: 1204, Time: 00:06:53

Health: 0/17       AC:  2    Str:  2 (4)  XL:     3   Next: 21%
Magic:  2/8        EV: 18    Int: 16 (17) God:
Gold:   68         SH:  0    Dex: 14 (16) Spells: 1/7 levels left

rFire    . . .     SeeInvis +   a - +1 dagger
rCold    . . .     Faith    .   (shield restricted)
rNeg     . . .     Spirit   .   b - +0 robe
rPois    .         Reflect  .   (helmet restricted)
rElec    .         Harm     .   (no cloak)
rCorr    .         Rampage  .   (gloves unavailable)
MR       .....                  (boots unavailable)
Stlth    +++.......             (no amulet)
HPRegen  0.05/turn              (no ring)
MPRegen  0.11/turn              (no ring)

@: lethally poisoned (0 -> -10), very quick
A: very small, unfitting armour, see invisible, speed 3
a: no special abilities


You were on level 2 of the Dungeon.
You visited 1 branch of the dungeon, and saw 3 of its levels.

You collected 68 gold pieces.

Inventory:

Hand Weapons
 a - a +1 dagger (weapon)
Missiles
 e - 14 poisoned darts (quivered)
Armour
 b - a +0 robe (worn)
Jewellery
 f - an uncursed ring of fire
Scrolls
 c - 3 scrolls of identify
 d - a scroll of enchant weapon


   Skills:
 + Level 0.7 Fighting
 * Level 1.8 Short Blades
 + Level 3.2 Dodging
 * Level 4.9 Stealth
 + Level 2.9 Spellcasting
 * Level 4.0 Hexes


You had one spell level left.
You knew the following spells:

 Your Spells              Type           Power        Failure   Level
a - Corona                Hex            ###....      3%          1
b - Ensorcelled Hibernat  Hex/Ice        #.....       12%         2
c - Tukima's Dance        Hex            ###.....     11%         3

Your spell library contained the following spells:

 Spells                   Type           Power        Failure   Level
 Confusing Touch          Hex            ###.....     11%         3
 Dazzling Flash           Conj/Hex       #.....       24%         3
 Gell's Gravitas          Tloc           #.........   50%         3
 Petrify                  Tmut/Erth      #.......     88%         4
 Metabolic Englaciation   Hex/Ice        #.........   92%         5
 Yara's Violent Unravell  Hex/Tmut       #.........   92%         5


Dungeon Overview and Level Annotations

Branches:
Dungeon (3/15)

Altars:
Cheibriados

Annotations:
D:3 Sigmund


Innate Abilities, Weirdness & Mutations

You are very small and have problems with some larger weapons.
You are too small for most types of armour.
You have supernaturally acute eyesight. (SInv)
You cover ground extremely quickly.


Message History

You feel sick.
You feel sick.
* * * LOW HITPOINT WARNING * * *
You feel sick.
* * * LOW HITPOINT WARNING * * *
You feel sick.
You aren't carrying any potions.
Okay, then.
* * * LOW HITPOINT WARNING * * *
You feel sick.
* * * LOW HITPOINT WARNING * * *
You feel sick.
* * * LOW HITPOINT WARNING * * *
You feel sick.
Your magical contamination has completely faded away.
You aren't carrying any potions.
Okay, then.
As you read the scroll labeled DASEMAOREI, it crumbles to dust.
You feel blessed for a moment.
It was a scroll of remove curse.
You die...

# ###### . ....###
######### !###.....#
#.......# .#...#.#.#
#.#####.##
.#.....#.###.##.....#
.#...#..BS.S....##..#
.##......###.#####..#
.....g.### #S#####..#
###.#### #....@...#
###.# #######..#
#...# #.## #.### #.#
....# #.# #.#.# #.#
..#.# #.# #g# # ###
#.# ... ..# #.##


You could see an adder.

Vanquished Creatures
  A gnoll (D:1)
  A dart slug (D:1)
  2 giant cockroaches (D:2)
  4 hobgoblins
  2 kobolds (D:1)
  A ball python (D:1)
  4 bats (D:1)
  3 frilled lizards
  3 goblins
  5 rats
26 creatures vanquished.

Notes
Turn   | Place    | Note
-------+----------+-------------------------------------------
     0 | D:1      | littlecub the Spriggan Enchanter began the quest for the
                  | Orb.
     0 | D:1      | Reached XP level 1. HP: 9/9 MP: 5/5
   168 | D:1      | Reached XP level 2. HP: 12/13 MP: 2/6
   174 | D:1      | Learned a level 2 spell: Ensorcelled Hibernation
   718 | D:2      | Reached XP level 3. HP: 16/17 MP: 5/8
   820 | D:2      | Learned a level 3 spell: Tukima's Dance
   933 | D:3      | Found a snail-covered altar of Cheibriados.
   945 | D:3      | Noticed Sigmund
  1204 | D:2      | Succumbed to an adder's poison

Illustrated notes

Levels and vault maps discovered:
D:1:      minmay_arrival_diagonal_passages, layout_rooms
D:2:      layout_loops_cross, uniq_crazy_yiuf_cottage
D:3:      layout_loops_ring, lemuel_round_altar, eat_drink_and_be_merry_uskayaw,
          serial_rivers, chequers_serial_rivers_micro_b,
          chequers_serial_rivers_marsh, chequers_serial_rivers_small_a,
          chequers_serial_rivers_micro_b, uniq_ijyb, uniq_sigmund

Skill      XL: |  1  2 |
---------------+-------+-----
Hexes          | 4 |  4.0
Fighting       | |  0.7
Short Blades   | |  1.8
Dodging        | |  3.2
Stealth        | |  4.9
Spellcasting   | |  2.9

Action                   || total
-------------------------++-------
Melee: Dagger            ||    91
 Cast: Corona            ||     8
       Ensorcelled Hiber ||    15
  Use: Scroll            ||     3
       Potion            ||     1
 Stab: Sleeping          ||    11
Armor: Robe              ||     8
Dodge: Dodged            ||    96

Table legend: (Time is in decaauts)
 A = Elapsed time spent in this place.
 B = Non-inter-level travel time spent in this place.
 C = Inter-level travel time spent in this place.
 D = Time resting spent in this place.
 E = Time spent auto-exploring this place.
 F = Levels seen in this place.
 G = Mean time per level.
                   A        B        C        D        E       F      G
               +--------+--------+--------+--------+--------+-----+--------+
         Total |    935 |    909 |     26 |    122 |    476 |   3 |  311.7 |
       Dungeon |    935 |    909 |     26 |    122 |    476 |   3 |  311.7 |
               +--------+--------+--------+--------+--------+-----+--------+

Top non-repeatable levels by time:
     D:1: 501 daAuts
     D:2: 331 daAuts
     D:3: 103 daAuts
